 Dungeon Crawl Stone Soup version 0.19.1-1-g22dce08 (webtiles) character file.

105 shas the Shield-Bearer (level 4, -5/41 HPs)
             Began as a Minotaur Fighter on Jan 20, 2017.
             Splashed by a jelly's acid (10 damage)
             ... on level 2 of the Dungeon.
             The game lasted 00:07:54 (1694 turns).

shas the Shield-Bearer (Minotaur Fighter)           Turns: 1694, Time: 00:07:54

Health: -5/41      AC: -1    Str: 22    XL:     4   Next: 53%
Magic:  3/3        EV:  7    Int:  5    God:
Gold:   132        SH:  9    Dex:  9    Spells: 0 memorised, 3 levels left

rFire  . . .     SeeInvis .     i - +0 hand axe (freeze)
rCold  . . .     Gourm    .     b - +0 scale mail
rNeg   . . .     Faith    .     c - +0 shield
rPois  .         Spirit   .     (helmet restricted)
rElec  .         Reflect  .     (no cloak)
rCorr  .         Harm     .     (no gloves)
MR     .....                    (no boots)
Stlth  ..........               (no amulet)
                                (no ring)
                                j - ring of loudness (curse)

@: corroded
A: retaliatory headbutt, horns 2
a: no special abilities


You were on level 2 of the Dungeon.
You were not hungry.

You visited 1 branch of the dungeon, and saw 3 of its levels.

You collected 132 gold pieces.

Inventory:

Hand Weapons
 a - a +0 war axe
 i - a +0 hand axe of freezing (weapon)
Armour
 b - a +0 scale mail (worn)
 c - a +0 shield (worn)
Jewellery
 d - an uncursed amulet of the gourmand {unknown}
 j - a cursed ring of loudness (left hand)
Potions
 e - a potion of resistance
 g - a potion of mutation {unknown}
 k - a potion of agility {unknown}
 l - a potion of invisibility {unknown}
Comestibles
 f - 2 bread rations
 h - a meat ration
 m - 3 chunks of flesh


   Skills:
 + Level 4.5 Fighting
 * Level 4.2 Axes
 - Level 3.6 Armour
 + Level 4.6 Shields


You had 3 spell levels left.
You didn't know any spells.

Dungeon Overview and Level Annotations

Branches:
Dungeon (3/15)

Altars:


Innate Abilities, Weirdness & Mutations

You reflexively headbutt those who attack you in melee.
You have a pair of horns on your head.


Message History

You see here a poisoned needle.
The goblin barely misses you. You furiously retaliate!
You headbutt the goblin. You block the jelly's attack.
The rat bites you but does no damage.
The kobold shoots a poisoned needle.
The poisoned needle barely misses you. The quokka bites you.
You climb upwards.
There is a stone staircase leading down here.
You hit the rat. You freeze the rat.
You kill the rat!
You hit the jelly but do no damage. The acid corrodes you!
Your hands burn!
Your shield and scale mail prevent you from hitting the goblin.
The goblin hits you with a dagger. The jelly hits you.
You are splashed with acid!
The acid burns!
* * * LOW HITPOINT WARNING * * *
The goblin hits you with a dagger.
* * * LOW HITPOINT WARNING * * *
The jelly hits you.
* * * LOW HITPOINT WARNING * * *
You are splashed with acid!
The acid burns!
You die...

#....'........#
#...##........#
#...##........#
#...######'#### #.#..#
#.# #.#..# #.#
############.##.## #.#
.............##..# #.#
..#############J@####.#
#.#..........[rg>##...#
#.#.###############.###
#.#.##..............#
..#.##.##############
#.#.##.# ..#.##.#
#.#.##.# #.#.##.#


You could see a jelly, a quokka and a goblin.

Vanquished Creatures
  Natasha (twice) (D:2)
  An ooze (D:1)
  A dart slug (D:1)
  2 ball pythons
  A giant cockroach (D:2)
  10 goblins
  7 hobgoblins
  3 bats
  3 frilled lizards
  6 kobolds
  12 rats
48 creatures vanquished.

Notes
Turn   | Place    | Note
-------+----------+-------------------------------------------
     0 | D:1      | shas the Minotaur Fighter began the quest for the Orb.
     0 | D:1      | Reached XP level 1. HP: 19/19 MP: 0/0
   121 | D:1      | Reached XP level 2. HP: 19/27 MP: 1/1
   589 | D:1      | Reached XP level 3. HP: 31/33 MP: 2/2
   719 | D:2      | Noticed Natasha
   746 | D:2      | Killed Natasha
  1072 | D:2      | Reached XP level 4. HP: 40/40 MP: 3/3
  1248 | D:2      | Noticed Natasha
  1250 | D:2      | Killed Natasha
  1694 | D:2      | Splashed by a jelly's acid

Skill      XL: |  1  2  3  4 |
---------------+-------------+-----
Shields        | 4 |  4.6
Axes           | 3 4 |  4.2
Fighting       | 4 |  4.5
Armour         | |  3.6

Action                   |  1- 3 |  4- 6 || total
-------------------------+-------+-------++-------
Melee: War axe           |    14 |       ||    14
       Headbutt          |    10 |     5 ||    15
       Hand axe          |    58 |    17 ||    75
  Use: Scroll            |     2 |     1 ||     3
       Potion            |     1 |       ||     1
  Eat: Chunk             |     1 |     2 ||     3
Armor: Scale mail        |    28 |     8 ||    36
Dodge: Dodged            |    17 |     7 ||    24
Block: Shield            |    38 |     9 ||    47
